 Dungeon Crawl Stone Soup version 0.27-a0-773-gaaee5cf45b (webtiles) character file.

Game seed: 396159487550326195

296 Zeld the Conjurer (level 6, -7/44 HPs)
             Began as a Human Conjurer on Mar 25, 2021.
             Shot with an arrow by a centaur (10 damage)
             ... on level 4 of the Dungeon.
             The game lasted 00:10:04 (11811 turns).

Zeld the Conjurer (Human Conjurer)                 Turns: 11811, Time: 00:10:04

Health: -7/44      AC:  2    Str:  7    XL:     6   Next: 61%
Magic:  9/11       EV: 12    Int: 20    God:
Gold:   84         SH:  0    Dex: 18    Spells: 1/12 levels left

rFire    . . .     SeeInvis .   (no weapon)
rCold    . . .     Faith    .   (no shield)
rNeg     . . .     Spirit   .   a - +0 robe
rPois    .         Reflect  .   i - +0 hat
rElec    .         Harm     .   (no cloak)
rCorr    .         Rampage  .   (no gloves)
Will     .....                  (no boots)
Stlth    +++.......             (no amulet)
HPRegen  0.14/turn              g - +6 ring of dexterity
MPRegen  0.12/turn              (no ring)

@: no status effects
A: no striking features
a: no special abilities


You were on level 4 of the Dungeon.
You visited 1 branch of the dungeon, and saw 6 of its levels.

You collected 84 gold pieces.

Inventory:

Armour
 a - a +0 robe (worn)
 i - a +0 hat (worn)
Jewellery
 g - a +6 ring of dexterity (right hand)
Scrolls
 b - a scroll of enchant armour {unknown}
 c - 2 scrolls of teleportation {unknown}
 f - 2 scrolls of identify {unknown}
 j - a scroll of noise {unknown}
Potions
 d - 2 potions of lignification {unknown}
 e - a potion of brilliance {unknown}
 h - a potion of ambrosia {unknown}
 k - a potion of curing {unknown}


   Skills:
 + Level 2.2 Fighting
 - Level 2.0 Dodging
 + Level 3.4 Stealth
 * Level 3.7 Spellcasting
 * Level 5.4 Conjurations


You had one spell level left.
You knew the following spells:

 Your Spells              Type           Power      Damage    Failure   Level
a - Magic Dart            Conj           100%       1d8       1%          1
b - Searing Ray           Conj           50%        3d5       2%          2
c - Fulminant Prism       Conj/Hex       7%         3d7       41%         4
d - Iskenderun's Mystic   Conj/Tloc      14%        2d5       41%         4

Your spell library contained the following spells:

 Spells                   Type           Power      Damage    Failure   Level
 Beastly Appendage        Tmut           6%         N/A       13%         1
 Dazzling Flash           Conj/Hex       28%        N/A       13%         3
 Wereblood                Tmut           3%         N/A       21%         2
 Spider Form              Tmut/Pois      1%         N/A       36%         3
 Ice Form                 Ice/Tmut       3%         N/A       78%         4
 Blade Hands              Tmut           1%         N/A       98%         5


Dungeon Overview and Level Annotations

Branches:
Dungeon (6/15)
 Temple: D:4-7

Altars:
Nemelex Xobeh

Shops:
D:1 [


Message History

You kill the kobold!
Casting: Magic Dart (safe; 1% risk of failure)
Confirm with . or Enter, or press ? or * to list all spells.
You can't see any susceptible monsters within range! (Use Z to cast anyway.)
A centaur comes into view. It is wielding a +0 war axe.
A centaur is nearby!
A hobgoblin comes into view.
There are monsters nearby!
Found a stone staircase leading up.
There are monsters nearby!
There are monsters nearby!
Found 4 large rocks.
The centaur shouts!
The centaur unwields a +0 war axe.
The centaur wields a +0 shortbow.
The centaur shoots an arrow.
The arrow hits you!
The centaur shoots an arrow.
The arrow misses you.
Casting: Magic Dart (safe; 1% risk of failure)
Confirm with . or Enter, or press ? or * to list all spells.
You don't know that spell.
Unknown command.
The hobgoblin closely misses you.
Casting: Magic Dart (safe; 1% risk of failure)
Confirm with . or Enter, or press ? or * to list all spells.
Aiming: Magic Dart (safe; 1% risk of failure)
Press: ? - help, Shift-Dir - straight line, f - hobgoblin
Aim: a hobgoblin (0% to evade)
The magic dart hits the hobgoblin.
You kill the hobgoblin!
The centaur shoots an arrow.
The arrow hits you!!
The centaur shoots an arrow.
The arrow hits you!
* * * LOW HITPOINT WARNING * * *
Casting: Magic Dart (safe; 1% risk of failure)
Confirm with . or Enter, or press ? or * to list all spells.
You don't know that spell.
Casting: Magic Dart (safe; 1% risk of failure)
Confirm with . or Enter, or press ? or * to list all spells.
You can't see any susceptible monsters within range! (Use Z to cast anyway.) Unknown command.
The centaur shoots an arrow.
The arrow hits you!
You die...

......... ......... ...#
#.. ......... #..###...
......... ##........
......... #####..........
..>....... ..............
......... ...c........
........# #..).......
........# #.@.....<..
.......## ##..........
.......#######...........
.........................
.........######..........
......#### #..........
.....## #...........
....## #............
...## #.............


You could see a centaur.

Vanquished Creatures
  2 hounds (D:4)
  2 iguanas (D:4)
  An orc wizard (D:5)
  10 adders
  2 worms
  2 dart slugs
  5 orcs
  4 bats
  4 endoplasms
  3 giant cockroaches
  5 goblins
  6 hobgoblins
  3 jackals (D:1)
  5 kobolds
  A quokka (D:2)
  4 ball pythons
  3 frilled lizards
  A rat (D:3)
63 creatures vanquished.

Notes
Turn   | Place    | Note
-------+----------+-------------------------------------------
     0 | D:1      | Zeld the Human Conjurer began the quest for the Orb.
     0 | D:1      | Reached XP level 1. HP: 13/13 MP: 3/3
   468 | D:1      | Reached XP level 2. HP: 18/20 MP: 0/5
   471 | D:1      | Learned a level 2 spell: Searing Ray
  2177 | D:1      | Found Winneyle's Antique Armour Boutique.
  3124 | D:1      | Reached XP level 3. HP: 25/25 MP: 1/6
  3896 | D:2      | Reached skill level 1 in Fighting
  4194 | D:2      | Reached XP level 4. HP: 32/32 MP: 3/8
  4543 | D:2      | Learned a level 4 spell: Fulminant Prism
  5912 | D:2      | Found a sparkling altar of Nemelex Xobeh.
  6537 | D:2      | Reached XP level 5. HP: 37/37 MP: 5/9
  9735 | D:3      | You fall into a shaft and drop 3 floors!
  9736 | D:6      | Noticed a black bear
  9767 | D:5      | Entered Level 5 of the Dungeon
 10349 | D:5      | Reached skill level 5 in Conjurations
 10959 | D:4      | Reached XP level 6. HP: 28/44 MP: 0/11
 11269 | D:4      | Learned a level 4 spell: Iskenderun's Mystic Blast
 11811 | D:4      | Shot with an arrow by a centaur

Illustrated notes

Levels and vault maps discovered:
D:1:      lightli_arrival_lavapool, layout_basic, serial_shops, shop,
          due_unseen_surprise
D:2:      layout_loops_ring, nemelex_lonely_heart_becter
D:3:      minmay_roachtagon, layout_rooms, yredelemnul_altar_generic,
          uniq_grinder
D:4:      layout_layer_cave, kennysheep_mini, uniq_eustachio
D:5:      layout_loops_ring, nicolae_dithmenos_the_darkroom, old_standard_altar,
          serial_shops, shop, shop_fountains, shop_fountains, shop_statue
D:6:      layout_basic, fedhas_altar_3, lemuel_doored_altar,
          cheibrodos_sewer_entry_bend, uniq_menkaure

Skill      XL: |  1  2  3  4  5  6 |
---------------+-------------------+-----
Fighting       | 1 2 |  2.2
Spellcasting   | 3 |  3.7
Stealth        | 3 |  3.4
Conjurations   | 5 |  5.4
Dodging        | |  2.0

Action                   |  1- 3 |  4- 6 || total
-------------------------+-------+-------++-------
Melee: Unarmed           |    41 |     4 ||    45
 Cast: Magic Dart        |    43 |    41 ||    84
       Searing Ray       |     3 |    18 ||    21
Armor: Robe              |    14 |     5 ||    19
Dodge: Dodged            |    39 |    23 ||    62

Table legend: (Time is in decaauts)
 A = Elapsed time spent in this place.
 B = Non-inter-level travel time spent in this place.
 C = Inter-level travel time spent in this place.
 D = Time resting spent in this place.
 E = Time spent auto-exploring this place.
 F = Levels seen in this place.
 G = Mean time per level.
                   A        B        C        D        E       F      G
               +--------+--------+--------+--------+--------+-----+--------+
         Total |  11812 |  11729 |     83 |   9480 |    121 |   6 | 1968.7 |
       Dungeon |  11812 |  11729 |     83 |   9480 |    121 |   6 | 1968.7 |
               +--------+--------+--------+--------+--------+-----+--------+

Top non-repeatable levels by time:
     D:2: 4967 daAuts
     D:1: 3464 daAuts
     D:3: 1304 daAuts
     D:5: 1182 daAuts
     D:4: 860 daAuts
     D:6: 31 daAuts
